 Dungeon Crawl Stone Soup version 0.28-a0-474-g535839065c (webtiles) character file.

Game seed: 10079282806019846125

16 Squid the Skirmisher (level 2, 24/24 HPs)
             Began as a Demonspawn Berserker on Sept 15, 2021.
             Was a Follower of Trog.
             Quit the game on level 1 of the Dungeon.
             The game lasted 00:02:10 (567 turns).

Squid the Skirmisher (Demonspawn Berserker)          Turns: 567, Time: 00:02:11

Health: 24/24      AC:  5    Str: 17    XL:     2   Next: 37%
Magic:  2/2        EV: 11    Int:  8    God:    Trog [*.....]
Gold:   28         SH:  0    Dex: 12    Spells: 1/1 levels left

rFire   . . .      SeeInvis .   a - +0 mace (drain)
rCold   . . .      Faith    .   (no shield)
rNeg    . . .      Spirit   .   c - +0 leather armour
rPois   .          Reflect  .   (no helmet)
rElec   .          Harm     .   (no cloak)
rCorr   .          Rampage  .   (no gloves)
Will    .....                   (no boots)
Stlth   +.........              (no amulet)
HPRegen 0.08/turn               (no ring)
MPRegen 0.08/turn               (no ring)

@: studying Slings
A: thin metallic scales 1
a: Renounce Religion, Berserk


You were on level 1 of the Dungeon.
You worshipped Trog.
Trog was aware of your devotion.
You visited 1 branch of the dungeon, and saw 1 of its levels.

You collected 28 gold pieces.

Inventory:

Hand Weapons
 a - a +0 mace of draining (weapon)
Armour
 b - a +0 animal skin
 c - a +0 leather armour (worn)


   Skills:
 + Level 3.1 Fighting
 * Level 3.1 Maces & Flails
 + Level 2.0 Armour
 + Level 1.8 Dodging
 + Level 0.2 Stealth


You had one spell level left.
You didn't know any spells.
Your spell library was empty.

Dungeon Overview and Level Annotations

Branches:
Dungeon (1/15)

Altars:


Innate Abilities, Weirdness & Mutations

You are partially covered in thin metallic scales. (AC +2)


Message History

There is a stone staircase leading down here.
You closely miss the giant cockroach.
The frilled lizard hisses angrily.
The giant cockroach bites you but does no damage.
You hit the giant cockroach. You drain the giant cockroach.
You kill the giant cockroach!
Trog accepts your kill.
You sock the frilled lizard!
You kill the frilled lizard!
Trog accepts your kill.
You see here a giant cockroach corpse.
d - a scroll labelled ACUECI HAETAMITT
Things that are here:
a +0 short sword; 19 stones A goblin comes into view.
It is wielding a +0 club.
This is a scroll of acquirement!
You see here a manual of Slings.
Something appears at your feet!
The goblin shouts!
You pick up a manual of Slings and begin studying.
A frilled lizard comes into view.
The frilled lizard hisses angrily.
The goblin hits you but does no damage.
You barely miss the goblin. The goblin barely misses you.
The goblin completely misses you.
You barely miss the goblin. The goblin hits you with a +0 club.
You barely miss the goblin. The goblin barely misses you.
You thump the goblin!
You kill the goblin!
Trog accepts your kill. The frilled lizard barely misses you.
The frilled lizard closely misses you. The frilled lizard closely misses you.
You see here a +0 club.
You hit the frilled lizard.
You kill the frilled lizard!
Trog accepts your kill.
You see here a frilled lizard corpse.
A rat comes into view.
A rat is nearby!
A rat is nearby!
Are you sure you want to abandon this character and quit the game? (Confirm with "yes".)

#.# #....... #. # #.#
#....... #r. #.##.##
#.......
##..####.....####.......
.......####...#.........
............#...........
.............#..#.......
.......###..............
#.@.###.#..........
###.# #.#..#.......
#.###...#..[.....
#.......#.##..###
##....#...##.##.#
#..##.#..###.##.#
#.###.#..# . #.# #.
.....## #(# .. ...###
#.#


You could see a rat.

Vanquished Creatures
  3 endoplasms (D:1)
  A giant cockroach (D:1)
  2 goblins (D:1)
  2 hobgoblins (D:1)
  3 ball pythons (D:1)
  A bat (D:1)
  2 frilled lizards (D:1)
  A kobold (D:1)
15 creatures vanquished.

Notes
Turn   | Place    | Note
-------+----------+-------------------------------------------
     0 | D:1      | Squid the Demonspawn Berserker began the quest for the Orb.
     0 | D:1      | Reached XP level 1. HP: 18/18 MP: 1/1
   320 | D:1      | Gained mutation: You are partially covered in thin metallic
                  | scales. (AC +2) [demonic ancestry]
   320 | D:1      | Reached XP level 2. HP: 16/24 MP: 2/2
   522 | D:1      | Identified a scroll of acquirement
   522 | D:1      | Acquired a manual of Slings
   567 | D:1      | Quit the game

Illustrated notes

Levels and vault maps discovered:
D:1:      lemuel_arrival_cross, layout_rooms, serial_shops, shop,
          minmay_indecisive_spiral

Skill      XL: |  1  2 |
---------------+-------+-----
Maces & Flails | 3 |  3.1
Armour         | 2 |  2.0
Fighting       | |  3.1
Dodging        | |  1.8
Stealth        | |  0.2

Action                   || total
-------------------------++-------
Melee: Mace              ||    33
  Use: Scroll            ||     3
Armor: Leather armour    ||     6
       Animal skin       ||     3
Dodge: Dodged            ||    35

Table legend: (Time is in decaauts)
 A = Elapsed time spent in this place.
 B = Non-inter-level travel time spent in this place.
 C = Inter-level travel time spent in this place.
 D = Time resting spent in this place.
 E = Time spent auto-exploring this place.
 F = Levels seen in this place.
 G = Mean time per level.
                   A        B        C        D        E       F      G
               +--------+--------+--------+--------+--------+-----+--------+
         Total |    575 |    575 |      0 |      0 |    409 |   1 |  575.0 |
       Dungeon |    575 |    575 |      0 |      0 |    409 |   1 |  575.0 |
               +--------+--------+--------+--------+--------+-----+--------+

Top non-repeatable levels by time:
     D:1: 575 daAuts
